Kikimora, lawful female human Samurai ------------ |..<.......| |..........+ |..........| |..........| ---|-------- ## # # # # ---|------- |.........| ----.........| - # |............| |.... e@###.............| - #|............| -------------- Kikimora the Ronin Experience level: 5 Strength: 13 Dexterity: 16 Constitution: 18 Intelligence: 10 Wisdom: 10 Charisma: 8 Health: 0(41) Energy: 27(27) Def: 6 Gold: 829 Moves: 1737 Dungeon seed: QP90avJETBNWMG4D Game ID: Kikimora_1465048777 Your Inventory: Coins $ - 829 gold pieces Weapons a - a +0 katana (weapon in hand) b - a +2 wakizashi c - a +1 yumi (alternate weapon; not wielded) d - 42 +0 ya (in quiver) Armor e - an uncursed rustproof +0 splint mail (being worn) Comestibles h - an uncursed lichen corpse l - an uncursed sprig of wolfsbane o - an uncursed gunyoki Scrolls j - 3 uncursed scrolls of scare monster p - an uncursed scroll of destroy armor s - an uncursed scroll of magic mapping M - an uncursed scroll of identify Potions k - an uncursed potion of speed r - a blessed potion of restore ability X - an uncursed potion of see invisible Rings m - an uncursed ring of levitation Wands f - a wand of probing (0:3) Tools g - an uncursed blindfold i - an uncursed skeleton key Spells and supernatural/magical abilities: Name Level Category Fail Memory W - pray for help -- divine ? -- Your skills at the end: Miscellaneous Skills martial arts [Basic] wands [Basic] Weapon Skills short sword [Basic] long sword [Basic] bow [Basic] Spellcasting Skills Final Attributes: You were stridently aligned. You were fast. You are dead. Vanquished creatures: 2 yellow lights a kobold mummy 6 giant ants a kobold lord an iguana 3 rothes an orc zombie a gecko a hobgoblin a yellow mold 2 jackals 7 newts a goblin 2 sewer rats 6 grid bugs 2 lichens 38 creatures vanquished. Voluntary challenges: You did not adorn yourself with jewelry or accessories. You used a wielded weapon 40 times, starting on turn 26. You did not use containers. You did not apply a unicorn horn. You read items or engraved 2 times, starting on turn 1157. You never genocided any monsters. You never polymorphed an object. You never changed form. You used no wishes. You never split a pudding. You wrote Elbereth's name 2 times, starting on turn 1157. You violated your moral code, losing 2 points of alignment, starting on turn 1488. Dungeon overview: The Dungeons of Doom: levels 1 to 8 Level 1 a fountain a long staircase Level 2 a fountain, a sink Level 3 an altar to Raijin Level 4 a long staircase Level 5 Level 6 an armor shop, a fountain Level 7 Level 8 <- You were here History has recorded: On T:1 you entered the Dungeons of Doom to retrieve the Amulet of Yendor! On T:206 you reached level 2 of The Dungeons of Doom. On T:489 you reached level 3 of The Dungeons of Doom. On T:559 you reached level 4 of The Dungeons of Doom. On T:788 you reached level 5 of The Dungeons of Doom. On T:789 you advanced to experience level 2. On T:843 you reached level 6 of The Dungeons of Doom. On T:1152 you reached level 7 of The Dungeons of Doom. On T:1163 you advanced to experience level 3. On T:1411 you advanced to experience level 4. On T:1597 you advanced to experience level 5. On T:1625 you reached level 8 of The Dungeons of Doom. Score breakdown: Gold: 829 ( 82 points) Experience: 5 levels ( 400 points) Exploration: 8 levels ( 210 points) Discoveries: 0 items ( 0 points) Variety of kills: 16 monsters ( 800 points) Major goal: (nothing yet) ( 0 points) Survival: died (score multiplied by 3) Total score: 4476 Latest messages: Something bites @Ì@. You can't go down here. You stop waiting. The ya hits the kobold lord. You are now wielding your katana. c - a +1 yumi (alternate weapon; not wielded). You hack the kobold lord! You slash the kobold lord. The kobold lord punches you! You kill the kobold lord! X - a brilliant blue potion. d - a +0 ya (in quiver). You hear the footsteps of a guard on patrol. You finish waiting. The door opens. (2x) $ - 199 gold pieces. You hack the floating eye! As you meet its deep, meaningful gaze, you feel its suffering as though it were your own. You slash the floating eye! As you meet its deep, meaningful gaze, you feel its suffering as though it were your own. You die... Final status: Sayonara Kikimora the Samurai, killed by vicarious suffering... You died in The Dungeons of Doom on dungeon level 8 with 4476 points, and 829 pieces of gold, after 1737 moves. You were level 5 with a maximum of 41 hit points when you died.